 Dungeon Crawl Stone Soup version 0.25-a0-478-g33c61bdccf (console) character file.

Game seed: 7782589349362477436, levelgen mode: deterministic

91 utis the Skirmisher (level 4, 0/28 HPs)
             Began as a Tengu Wanderer on Feb 8, 2020.
             Slain by an orc wizard
             ... wielding a +0 dagger
              (1 damage)
             ... on level 4 of the Dungeon.
             The game lasted 00:05:25 (2099 turns).

utis the Skirmisher (Tengu Wanderer)                Turns: 2099, Time: 00:05:26

Health: 0/28       AC:  5    Str: 14    XL:     4   Next: 59%
Magic:  6/6        EV: 11    Int: 12    God:
Gold:   54         SH:  0    Dex: 13    Spells: 4/5 levels left

rFire    . . .     SeeInvis .   a - +1 dagger (venom)
rCold    . . .     Gourm    .   (no shield)
rNeg     . . .     Faith    .   j - +0 ring mail
rPois    .         Spirit   .   (helmet restricted)
rElec    .         Reflect  .   (no cloak)
rCorr    .         Harm     .   (no gloves)
MR       .....                  (boots unavailable)
Stlth    +.........             (no amulet)
HPRegen  0.09/turn              (no ring)
MPRegen  0.10/turn              (no ring)

@: no status effects
A: beak, talons 3
a: no special abilities


You were on level 4 of the Dungeon.
You were hungry.

You visited 1 branch of the dungeon, and saw 3 of its levels.

You collected 54 gold pieces.

Inventory:

Hand Weapons
 a - a +1 dagger of venom (weapon)
 h - a +0 dagger
 i - a cursed -2 hunting sling
 l - a +0 shortbow
Missiles
 c - 35 arrows
 g - 49 stones (quivered)
Armour
 e - a +0 robe
 j - a +0 ring mail (worn)
Scrolls
 k - a scroll of magic mapping {unknown}
Comestibles
 f - 6 rations {@e1}
 m - 8 chunks of flesh


   Skills:
 + Level 3.1 Fighting
 + Level 2.7 Bows
 - Level 2.1 Armour
 + Level 2.3 Dodging
 - Level 1.0 Stealth
 - Level 1.0 Spellcasting
 - Level 1.3 Conjurations
   Level 1.0 Transmutations
   Level 1.0 Evocations


You had 4 spell levels left.
You knew the following spells:

 Your Spells              Type           Power        Failure   Level  Hunger
z - Magic Dart            Conj           #...         34%         1    ##.....

Your spell library contained the following spells:

 Spells                   Type           Power        Failure   Level  Hunger
 Blink                    Tloc           N/A          65%         2    ###....
 Call Imp                 Summ           #.......     65%         2    ###....
 Slow                     Hex            #.......     65%         2    ###....
 Conjure Flame            Conj/Fire      #.......     80%         3    ####...
 Mephitic Cloud           Conj/Pois/Air  #.......     83%         3    ####...


Dungeon Overview and Level Annotations

Branches:
Dungeon (2/15)

Altars:

Annotations:
D:4 Edmund


Innate Abilities, Weirdness & Mutations

You have a beak for a mouth.
You have claws for feet.


Message History

The boomerang hits you but does no damage.
The weapon returns to the orc!
Something hits you but does no damage.
The orc throws a boomerang.
The boomerang hits you but does no damage.
The weapon returns to the orc!
You feel less confused.
The orc throws a boomerang.
The boomerang hits you.
* * * LOW HITPOINT WARNING * * *
The weapon returns to the orc!
You hear some strange, mumbled words.
A puff of flame appears from out of thin air!
The puff of flame misses you.
The orc throws a boomerang.
The boomerang misses you.
The weapon returns to the orc!
You aren't carrying any potions.
Unknown command.
Unknown command.
The orc misses you.
You hit the orc but do no damage. The orc misses you. Something hits you.
You die...

░░░.........➘..
░........░....
░........░....
░░░░░....░....
░░░░.........
░..........░
░..........░
░...o..░░░░░
░....Q.░
░....{.░
░......░
░......░
░.)....░░░░
░..........
░░░░░░░.░░░ .░
.░


You could see an orc.

Vanquished Creatures
  A worker ant (D:4)
  An adder (D:4)
  A shadow imp (D:4)
  An ooze (D:1)
  A worm (D:4)
  3 dart slugs
  A leopard gecko (D:1)
  An orc (D:4)
  3 giant cockroaches (D:1)
  5 goblins (D:1)
  2 hobgoblins
  8 jackals (D:1)
  2 bats (D:1)
  A kobold (D:1)
  4 rats (D:1)
35 creatures vanquished.

Notes
Turn   | Place    | Note
-------+----------+-------------------------------------------
     0 | D:1      | utis the Tengu Wanderer began the quest for the Orb.
     0 | D:1      | utis set off with the following items: a +0 shortbow, 24
                  | arrows, a potion of curing {@q1}, a +0 robe, a ration
                  | {@e1}; and the following spell memorised: Magic Dart; and
                  | the following spells available to memorise: Blink, Call
                  | Imp, Slow, Conjure Flame, Mephitic Cloud
     0 | D:1      | Reached XP level 1. HP: 12/12 MP: 3/3
    68 | D:1      | Reached XP level 2. HP: 9/17 MP: 4/4
   274 | D:1      | Reached skill level 1 in Dodging
   873 | D:1      | Reached XP level 3. HP: 20/22 MP: 5/5
  2002 | D:2      | You fall into a shaft and drop 2 floors!
  2016 | D:4      | Noticed Edmund
  2032 | D:4      | Reached skill level 3 in Fighting
  2032 | D:4      | Reached XP level 4. HP: 7/28 MP: 6/6
  2096 | D:4      | HP: 1/28 [orc/boomerang (2)]
  2099 | D:4      | Slain by an orc wizard

Levels and vault maps discovered:
D:1:      dpeg_arrival_three_same_balls, layout_loops_ring
D:2:      layout_basic, nicolae_overflow_crystal_walls,
          chequers_serial_rivers_micro_a, minmay_misc_feat_square,
          minmay_misc_feat_room
D:4:      layout_basic, uniq_blork_the_orc, uniq_sigmund, uniq_edmund

Skill      XL: |  1  2  3 |
---------------+----------+-----
Dodging        | 1 2 |  2.3
Bows           | 2 |  2.7
Fighting       | 3 |  3.1
Armour         | |  2.1
Stealth        | |  1.0
Spellcasting   | |  1.0
Conjurations   | |  1.3
Transmutations | |  1.0
Evocations     | |  1.0

Action                   |  1- 3 |  4- 6 || total
-------------------------+-------+-------++-------
Melee: Dagger            |    71 |    12 ||    83
       Peck              |    16 |     1 ||    17
       Kick              |    13 |     4 ||    17
 Fire: Shortbow          |    23 |       ||    23
Throw: Stone             |    16 |       ||    16
  Use: Scroll            |       |     2 ||     2
       Potion            |       |     1 ||     1
  Eat: Chunk             |     3 |       ||     3
Armor: Robe              |     9 |       ||     9
       Ring mail         |     4 |    13 ||    17
Dodge: Dodged            |    56 |    14 ||    70

Table legend:
 A = Non-vault XP
 B = Vault XP
 C = Vault XP percentage of total XP
 D = Non-vault monster count
 E = Vault monster count
 F = Vault count percentage of total count
                 A         B        C        D         E       F
            +---------+---------+-------+---------+---------+-------
      Total |     131 |       0 |   0.0 |      35 |       0 |   0.0
            +---------+---------+-------+---------+---------+-------
        D:1 |      58 |       0 |   0.0 |      28 |       0 |   0.0
        D:2 |       6 |       0 |   0.0 |       2 |       0 |   0.0
        D:4 |      67 |       0 |   0.0 |       5 |       0 |   0.0
            +---------+---------+-------+---------+---------+-------
